 Dungeon Crawl Stone Soup version 0.29-a0-598-gd8304a5bf4 (console) character file.

Game seed: 16016951174889760284

61 om the Digger (level 4, -4/24 HPs)
             Began as a Gargoyle Earth Elementalist on June 15, 2022.
             Was a Believer of Fedhas.
             Killed by divine providence
             ... invoked by an orc priest
              (13 damage)
             ... on level 3 of the Dungeon.
             The game lasted 00:06:19 (2791 turns).

om the Digger (Gargoyle Earth Elementalist)         Turns: 2791, Time: 00:06:20

Health: -4/24      AC:  6    Str: 13    XL:     4   Next: 7%
Magic:  4/7        EV: 12    Int: 16    God:    Fedhas [**....]
Gold:   133        SH:  0    Dex: 16    Spells: 7/8 levels left

rFire   . . .      SeeInvis .   h - +0 flail
rCold   + . .      Faith    .   (no shield)
rNeg    + . .      Spirit   .   a - +1 robe
rPois   ∞          Reflect  .   (no helmet)
rElec   +          Harm     .   (no cloak)
rCorr   .          Rampage  .   (no gloves)
Will    .....                   (no boots)
Stlth   ++........              g - amulet of regeneration
HPRegen 0.88/turn               d - ring of protection from cold
MPRegen 0.10/turn               m - +6 ring of dexterity

@: no status effects
A: sickness immunity, AC +3, negative energy resistance 1, electricity
resistance, torment resistance 1, petrification resistance
a: Renounce Religion, Wall of Briars


You were on level 3 of the Dungeon.
You worshipped Fedhas.
Fedhas was pleased with you.
You visited 1 branch of the dungeon, and saw 3 of its levels.

You collected 133 gold pieces.

Inventory:

Hand Weapons
 h - a +0 flail (weapon)
Armour
 a - a +1 robe (worn)
Jewellery
 d - a ring of protection from cold (left hand)
 g - an amulet of regeneration (around neck)
 m - a +6 ring of dexterity (right hand)
Scrolls
 c - 2 scrolls of teleportation
 e - a scroll of torment {unknown}
 f - a scroll of magic mapping {unknown}
 i - a scroll of enchant armour
 k - a scroll of immolation {unknown}
Potions
 b - a potion of magic
 n - a potion of brilliance {unknown}
 o - a potion of ambrosia {unknown}


   Skills:
 + Level 2.0 Dodging
 + Level 2.7 Stealth
 * Level 2.6 Spellcasting
 + Level 1.2 Transmutations
 * Level 4.3 Earth Magic


You had 7 spell levels left.
You knew the following spells:

 Your Spells              Type           Power      Damage    Failure   Level
a - Sandblast             Erth           32%        2d9       3%          1

Your spell library contained the following spells:

 Spells                   Type           Power      Damage    Failure   Level
 Passwall                 Tmut/Erth      9%         N/A       10%         2
 Stone Arrow              Conj/Erth      18%        3d8       24%         3
 Petrify                  Tmut/Erth      11%        N/A       52%         4


Dungeon Overview and Level Annotations

Branches:
Dungeon (3/15)

Altars:
Fedhas

Shops:
D:1 ?


Innate Abilities, Weirdness & Mutations

You are immune to sickness and miasma.
Your stone body is resilient. (AC +3)
You are immune to poison.
You resist negative energy. (rN+)
You are resistant to electric shocks. (rElec)
You are resistant to unholy torment.
You are immune to petrification.


Message History

You hear some strange, mumbled words.
You are more confused.
You miss something.
You hear some strange, mumbled words.
Something tries to affect you, but you resist.
Something hits you. Something hits you but does no damage.
An orc comes into view. It is wielding a +0 trident.
You hear some strange, mumbled words.
You are more confused.
You bump into the rock wall.
The orc throws a boomerang.
The boomerang hits you but does no damage.
Something hits you. The orc hits you but does no damage.
You bump into the rock wall.
The orc priest looks encouraged for a moment.
You hear a shout!
The orc hits you but does no damage.
You hear some strange, mumbled words.
A puff of flame appears from out of thin air!
The puff of flame hits you!
* * * LOW HITPOINT WARNING * * *
You miss something. The orc barely misses you. Something hits you.
* * * LOW HITPOINT WARNING * * *
The orc hits you but does no damage.
You barely miss something.
You feel less confused. The orc closely misses you. Something hits you.
* * * LOW HITPOINT WARNING * * *
The orc closely misses you.
You hear some strange, mumbled words.
A magic dart appears from out of thin air!
The magic dart hits you.
* * * LOW HITPOINT WARNING * * *
It was a potion of curing.
You feel better. The orc hits you with a +0 trident.
Something hits you but does no damage.
The orc priest invokes the aid of Beogh against you.
Beogh smites you!
Ouch! That really hurt!
You die...
Fedhas appreciates your contribution to the ecosystem.

#......#..
#..###.#.#
#...##.#..
######+#.##.#).
#........##....
#........[#..##
#.......#.#....
######'##......
###.(...##......
#####.....####......
#..@#.....####+#....
#.o{#)....##......##
#.......####........
##'#########...[...#
#o# #.....#####.##.
#.# #.###.# #....
#.# #.# #.# #...#
#.# #.# #.# #...#
#.# #.# #.# #...#
#.# #.# #.# ##...
###############.#
#.# #.# #.>#


You could see an orc priest and an orc.

Vanquished Creatures
  An adder (D:2)
  A worm (D:2)
  2 dart slugs (D:1)
  An orc (D:3)
  3 endoplasms
  2 giant cockroaches (D:2)
  7 goblins
  4 hobgoblins
  4 kobolds
  4 quokkas
  A ball python (D:1)
  4 bats
  4 frilled lizards (D:1)
  2 rats
40 creatures vanquished.

Vanquished Creatures (others)
  A fungus (D:1)
1 creature vanquished.

Grand Total: 41 creatures vanquished

Notes
Turn   | Place    | Note
-------+----------+-------------------------------------------
     0 | D:1      | om the Gargoyle Earth Elementalist began the quest for the
                  | Orb.
     0 | D:1      | Reached XP level 1. HP: 10/10 MP: 3/3
   620 | D:1      | Found a faded altar of an unknown god.
   644 | D:1      | Noticed a golden eye
   647 | D:1      | Noticed an eye of devastation
   647 | D:1      | Noticed a floating eye
   647 | D:1      | Noticed a great orb of eyes
   653 | D:1      | Prayed at the altar of an unknown god.
   653 | D:1      | Became a worshipper of Fedhas Madash
   653 | D:1      | Reached * piety under Fedhas
   815 | D:1      | Reached XP level 2. HP: 15/15 MP: 3/5
   856 | D:1      | Reached skill level 1 in Transmutations
  1114 | D:1      | Reached skill level 4 in Earth Magic
  1160 | D:1      | Found Xaupys's Magic Scroll Emporium.
  1181 | D:1      | Reached XP level 3. HP: 19/19 MP: 3/6
  1605 | D:2      | Reached ** piety under Fedhas
  2407 | D:3      | Reached XP level 4. HP: 24/24 MP: 4/7
  2697 | D:3      | Identified the +4 plate armour of the Red Skies {+Inv rN+}
  2791 | D:3      | Killed from afar by an orc priest

Illustrated notes

Levels and vault maps discovered:
D:1:      dpeg_arrival_water_fire, layout_loops_ring,
          hellmonk_ecumenical_altar_watching_god, serial_shops, shop
D:2:      layout_loops_ring, minmay_hedge_maze
D:3:      layout_basic, led_sif_book, hangedman_decor_peaks_small,
          serial_park_tiny_2

Skill      XL: |  1  2  3 |
---------------+----------+-----
Transmutations | 1 |  1.2
Earth Magic    | 4 |  4.3
Dodging        | 2 |  2.0
Stealth        | |  2.7
Spellcasting   | |  2.6

Action                   |  1- 3 |  4- 6 || total
-------------------------+-------+-------++-------
Melee: Unarmed           |     6 |       ||     6
       Flail             |    10 |    20 ||    30
 Cast: Sandblast         |    54 |    15 ||    69
  Use: Scroll            |     4 |       ||     4
       Potion            |       |     2 ||     2
Armor: Robe              |     6 |    24 ||    30
Dodge: Dodged            |    30 |    31 ||    61

Table legend: (Time is in decaauts)
 A = Elapsed time spent in this place.
 B = Non-inter-level travel time spent in this place.
 C = Inter-level travel time spent in this place.
 D = Time resting spent in this place.
 E = Time spent auto-exploring this place.
 F = Levels seen in this place.
 G = Mean time per level.
                   A        B        C        D        E       F      G
               +--------+--------+--------+--------+--------+-----+--------+
         Total |   2888 |   2806 |     82 |    578 |   1743 |   3 |  962.7 |
       Dungeon |   2888 |   2806 |     82 |    578 |   1743 |   3 |  962.7 |
               +--------+--------+--------+--------+--------+-----+--------+

Top non-repeatable levels by time:
     D:1: 1562 daAuts
     D:2: 835 daAuts
     D:3: 490 daAuts
